cohdb
Replays
Latest Replays
All Replays
Popular Replays
Top Player Replays
Match Explorer
How It Works
Community
CoH3 Stats
Reddit
Sign in to upload your games and track your stats! →
Sign in with Steam
Match 45676499
Unlisted
Match 45676499
Overview
Messages
Build Orders
End
Construct Infanterie Kompanie
MG 42 Machine Gun Team
Grenadier Squad
Grenadier Squad
Grenadier Squad
Construct Luftwaffe Kompanie
Medical Station
Jäger Squad
221 Scout Car
Selects Breakthrough Battlegroup
Selects Assault Grenadiers
Selects Smoke Bombing Run
Selects Incendiary Bombing Run
Construct Panzer Kompanie
Jäger Squad
Selects 2.5-tonne Cargo Truck
Selects Blitzkrieg
Stoßtruppen Squad
Stoßtruppen Squad
Selects Panzer IV Command Tank Sd.Kfz. 161/1
Panzer IV Command Tank
Jeff98
KeKe
Fochkes
Man
0
0
Comments
sign in to comment!
No comments posted yet!